 Dungeon Crawl Stone Soup version 0.31-a0-971-g75a2e9a4b4 (webtiles) character file.

Game seed: 9564867717576661771

130 avis the Ducker (level 4, 21/21 HPs)
             Began as a Felid Artificer on Oct 28, 2023.
             Got out of the dungeon alive.
             The game lasted 00:09:19 (1866 turns).

avis the Ducker (Felid Artificer)                   Turns: 1866, Time: 00:09:19

Health: 21/21      AC:  1    Str: 10    XL:     4   Next: 90%
Magic:  5/5        EV: 19    Int: 12    God:
Gold:   49         SH:  0    Dex: 16    Spells: 3/3 levels left
                                        Lives:  1   Deaths: 1

rFire   . .          .
                       - Unarmed
rCold   . . .        (shield unavailable)
rNeg    . . .        (body armour unavailable)
rPois   .            (helmet unavailable)
rElec   .            (cloak unavailable)
rCorr   .            (gloves unavailable)
SInv    +            (boots unavailable)
Will    .....        f - amulet of guardian spirit
Stlth   ++           (no ring)
HPRegen 0.23/turn    (no ring)
MPRegen 0.09/turn

%: guardian spirit
@: quick
A: very small, claws 1, fangs 3, see invisible, speed 1, shaggy fur 1, stealthy
paws, no weapons or thrown items, no armour, multi-lived
a: no special abilities


You escaped.
You visited 1 branch of the dungeon, and saw 2 of its levels.

You collected 49 gold pieces.

Inventory:

Jewellery
 f - an amulet of guardian spirit (around neck)
Wands
 a - a wand of flame (15) (quivered)
 b - a wand of charming (15)
 c - a wand of iceblast (2)
Scrolls
 j - a scroll of teleportation {unknown}
Potions
 h - a potion of resistance


   Skills:
 - Level 3.0 Fighting
 - Level 5.0 Dodging
 - Level 1.3 Stealth
 - Level 2.0 Unarmed Combat
 * Level 3.3 Evocations


You had 3 spell levels left.
You didn't know any spells.
Your spell library was empty.

Dungeon Overview and Level Annotations

Branches:
Dungeon (2/15)

Altars:


Innate Abilities, Weirdness & Mutations

You have sharp claws.
You have razor-sharp teeth.
You have supernaturally acute eyesight. (SInv)
You cover ground quickly. (Speed+)
You are covered in fur. (AC +1)
Your paws help you pounce on unaware monsters.
You are incapable of wielding weapons or throwing items.
You cannot wear armour.
You gain extra lives every three experience levels.


Message History

The adder bites you.
You are poisoned.
The adder poisons you! The adder bites you.
You are lethally poisoned!
The adder poisons you!
You closely miss the adder.
The adder is almost dead.
* * * LOW HITPOINT WARNING * * *
You feel very sick. The adder closely misses you.
You feel protected.
* * * LOW HITPOINT WARNING * * *
You feel sick. The adder misses you.
It was a potion of might.
You feel very mighty all of a sudden.
* * * LOW HITPOINT WARNING * * *
You feel sick. The adder barely misses you.
It was a potion of lignification.
You turn into a tree.
Your roots penetrate the ground.
* * * LOW HITPOINT WARNING * * *
You feel sick.
The adder bites you but does no damage. x2
It was a potion of enlightenment.
Your roots keep you in place.
* * * LOW HITPOINT WARNING * * *
You feel sick. The adder barely misses you.
You hit the adder.
You kill the adder!
You die...
Your shape twists and changes as you die.
You feel sick.
You feel less wooden.
You rejoin the land of the living...
Training target 2.0 for Unarmed Combat reached!
Your Unarmed Combat skill increases to level 2!
You need to enable at least one skill for training.
There is a stone staircase leading up here.
You climb upwards.
There is a stone staircase leading down here.
You see here a +0 dagger.
There is a staircase leading out of the dungeon here.
You have escaped!

## #.# ######...##..#
###### .###.#
#....#..##...#
#.##.#####.####..#....#
#..........####..#.8..#
#.............#..#....#
..#############..##...#
..######## #...##..#
.........######....#..#
..♣...♣.......+.@..'..#
#####
.♣♣♣.♣♣♣.######....#..#
#.... ..♣...♣..##
#...##..# #.###
♣...♣...♣.## #..##...#
#.# ♣♣.♣♣♣.♣♣♣.#
#..#....# #.#
♣...♣...♣..## #..#.8..#
#.# ..♣...♣...♣.#
#..#....# #.###
.♣♣♣.♣♣♣.♣♣♣# #..##...#
#.#.. ..♣...♣...♣.#
#...##..# #...#


There were no monsters in sight!

Vanquished Creatures
  A scorpion (D:1)
  3 adders
  2 dart slugs (D:1)
  4 ball pythons
  2 bats
  3 endoplasms
  A giant cockroach (D:1)
  4 goblins
  5 hobgoblins (D:1)
  2 jackals (D:1)
  A quokka (D:1)
  4 kobolds (D:1)
  4 rats (D:1)
36 creatures vanquished.

Notes
Turn   | Place    | Note
-------+----------+-------------------------------------------
     0 | D:1      | avis the Felid Artificer began the quest for the Orb.
     0 | D:1      | Reached XP level 1. HP: 9/9 MP: 2/2
   224 | D:1      | Reached XP level 2. HP: 12/13 MP: 1/3
   410 | D:1      | Reached skill level 4 in Dodging
   591 | D:1      | Reached skill level 1 in Unarmed Combat
   635 | D:1      | Reached XP level 3. HP: 16/16 MP: 4/4
  1130 | D:2      | Noticed a scorpion
  1284 | D:1      | Killed a scorpion
  1285 | D:1      | Reached skill level 5 in Dodging
  1285 | D:1      | Reached XP level 4. HP: 21/21 MP: 5/5
  1827 | D:2      | HP: 1/21 [poisoned by an adder]
  1830 | D:2      | Succumbed to an adder's poison
  1866 | D:$      | Got out of the dungeon alive.

Illustrated notes

Levels and vault maps discovered:
D:1:      giann_horns, layout_loops_ring, kennysheep_doodads,
          corexii_leaking_fountain, minmay_crystal_water
D:2:      wander_river, layout_basic, nrook_loot_triangle

Skill      XL: |  1  2  3  4 |
---------------+-------------+-----
Fighting       | 2 3 |  3.0
Dodging        | 4 5 |  5.0
Unarmed Combat | 1 2 |  2.0
Stealth        | |  1.3
Evocations     | |  3.3

Action                     |  1- 3 |  4- 6 || total
---------------------------+-------+-------++-------
  Melee: Unarmed           |    99 |    31 ||   130
         Bite              |    13 |     2 ||    15
  Evoke: Wand              |     3 |       ||     3
    Use: Potion            |       |     4 ||     4
         Scroll            |       |     2 ||     2
   Stab: Sleeping          |     2 |       ||     2
 Armour: Skin              |    18 |    12 ||    30
  Dodge: Dodged            |    88 |    34 ||   122

Table legend: (Time is in decaauts)
 A = Elapsed time spent in this place.
 B = Non-inter-level travel time spent in this place.
 C = Inter-level travel time spent in this place.
 D = Time resting spent in this place.
 E = Time spent auto-exploring this place.
 F = Levels seen in this place.
 G = Mean time per level.
                   A        B        C        D        E       F      G
               +--------+--------+--------+--------+--------+-----+--------+
         Total |   1664 |   1539 |    125 |    580 |    497 |   2 |  832.0 |
       Dungeon |   1664 |   1539 |    125 |    580 |    497 |   2 |  832.0 |
               +--------+--------+--------+--------+--------+-----+--------+

Top non-repeatable levels by time:
     D:1: 1431 daAuts
     D:2: 232 daAuts
